 Dungeon Crawl Stone Soup version 0.18.1-48-g4cf74bf (webtiles) character file.

338300 Peloso the Minotaur Blade (level 21, 0/202 HPs)
             Began as a Minotaur Fighter on June 26, 2016.
             Was the Champion of Okawaru.
             Shot with an arrow by a deep elf master archer (17 damage)
             ... on level 3 of the Elven Halls.
             The game lasted 03:01:19 (50428 turns).

Peloso the Minotaur Blade (Minotaur Fighter)       Turns: 50428, Time: 03:01:20

Health: 0/202      AC: 29    Str: 37    XL:     21   Next: 2%
Magic:  25/25      EV: 16    Int:  5    God:    Okawaru [******]
Gold:   4314       SH: 15    Dex: 14    Spells: 0 memorised, 21 levels left

rFire  . . .     SeeInvis .     k - +9 double sword "Leviticus" {flame, rN+}
rCold  . . .     Gourm    .     Z - +0 plate armour of the Barracuda {MR+ Str+4}
rNeg   + . .     Faith    +     Y - +0 shield {AC+3}
rPois  +         Spirit   .     Q - +1 hat
rElec  .         Dismiss  .     x - +0 cloak {rPois}
rCorr  .         Reflect  .     D - +1 pair of gloves
SustAt .         Harm     .     b - +1 pair of boots {Fly}
MR     +++..                    T - amulet of faith
Stlth  ..........               X - +6 ring of strength
                                a - ring of protection from magic

@: about to teleport, flying, drained, extremely resistant to hostile
enchantments, extremely unstealthy
A: retaliatory headbutt, horns 2
a: Heroism, Finesse, Renounce Religion, Stop Flying
}: 2/15 runes: serpentine, barnacled


You were on level 3 of the Elven Halls.
You worshipped Okawaru.
Okawaru was exalted by your worship.
You were not hungry.

You visited 7 branches of the dungeon, and saw 37 of its levels.
You also visited: Labyrinth, Ice Cave and Volcano.

You collected 4696 gold pieces.
You spent 382 gold pieces at shops.

Inventory:

Hand Weapons
 k - the +9 double sword "Leviticus" (weapon) {flame, rN+}
   (Okawaru gifted it to you on level 10 of the Dungeon)

   It has been specially enchanted to burn those struck by it, causing extra
   injury to most foes and up to half again as much damage against particularly
   susceptible opponents.
   Big, fiery blades are also staple armaments of hydra-hunters.
   It protects you from negative energy.
 K - the +6 great sword of Ash {antimagic, +Inv Dex+7}
   (You bought it in a shop on level 5 of the Dungeon)

   It disrupts the flow of magical energy around spellcasters and certain
   magical creatures (including the wielder).
   It affects your dexterity (+7).
   It lets you turn invisible.
 N - the +9 scimitar "Goblinbane" {slice, +Inv Str+3 SInv}
   (Okawaru gifted it to you on level 3 of the Lair of Beasts)

   It inflicts extra damage upon your enemies.
   It affects your strength (+3).
   It lets you see invisible.
   It lets you turn invisible.
Armour
 b - a +1 pair of boots of flying (worn)
 c - a +2 buckler of protection
 x - a +0 cloak of poison resistance (worn)
 D - a +1 pair of gloves (worn)
 E - the +1 chain mail of Apathy {+Fly rElec Int-4 Dex+6}
   (You found it on level 4 of the Dungeon)

   It affects your intelligence (-4).
   It affects your dexterity (+6).
   It insulates you from electricity.
   It lets you fly.
 Q - a +1 hat (worn)
 Y - a +0 shield of protection (worn)
 Z - the +0 plate armour of the Barracuda (worn) {MR+ Str+4}
   (Okawaru gifted it to you on level 4 of the Snake Pit)

   It affects your strength (+4).
   It affects your resistance to hostile enchantments.
Jewellery
 a - a ring of protection from magic (left hand)
 s - the ring "Impemig" {rC+ EV+1 Int-4 Dex+4 Stlth+}
   (You found it on level 3 of the Elven Halls)

   [ring of evasion]

   It affects your evasion (+1).
   It affects your intelligence (-4).
   It affects your dexterity (+4).
   It protects you from cold.
   It makes you more stealthy.
 u - the ring "Kaytsaf" {*Corrode rPois rN+ Dex+4 SInv}
   (You took it off a minotaur in a labyrinth)

   [ring of dexterity]

   It affects your dexterity (+4).
   It protects you from poison.
   It protects you from negative energy.
   It lets you see invisible.
   It may corrode you when you take damage.
 z - an uncursed ring of protection from cold
 A - an uncursed ring of protection from magic
 B - the ring "Qafi" {*Drain +Fly rElec rF+ rC+++}
   (You found it on level 3 of the Elven Halls)

   [ring of protection from fire]

   It protects you from fire.
   It renders you almost immune to cold.
   It insulates you from electricity.
   It lets you fly.
   It causes draining when unequipped.
 T - an amulet of faith (around neck)
 X - a +6 ring of strength (right hand)
Wands
 e - a wand of digging (16/24)
 S - a wand of disintegration (3/24)
Scrolls
 j - 9 scrolls of remove curse
 l - 10 scrolls of teleportation
 m - a scroll of fear
 n - 4 scrolls of recharging
 o - 5 scrolls of enchant armour
 t - 6 scrolls of identify
 v - a scroll of enchant weapon
 y - a scroll of fog
 C - a scroll of holy word
 J - 2 scrolls of magic mapping
Potions
 d - 6 potions of might
 h - 2 potions of heal wounds
 i - 2 potions of cancellation
 q - 6 potions of berserk rage
 r - 9 potions of resistance
 H - 4 potions of haste
 I - 2 potions of agility
 O - 6 potions of curing
 W - 4 potions of invisibility
Comestibles
 f - 17 bread rations
 g - 19 royal jellies
 p - 23 fruits
 w - 18 meat rations
 F - 2 chunks of flesh
 P - a slice of pizza
 V - a beef jerky


   Skills:
 + Level 20.5(20.2) Fighting
 + Level 24.3(23.9) Long Blades
 + Level 1.0(0.7) Throwing
 + Level 17.7(17.4) Armour
 * Level 13.1(12.8) Dodging
 + Level 3.8(3.6) Stealth
 + Level 13.5(13.2) Shields
 + Level 1.0(0.8) Unarmed Combat
 + Level 0.5(0.2) Spellcasting
 * Level 7.0(6.7) Invocations
 + Level 1.0(0.8) Evocations


You had 21 spell levels left.
You didn't know any spells.

Dungeon Overview and Level Annotations

Branches:
Dungeon (15/15)            Temple (1/1) D:5            Lair (8/8) D:9
 Shoals (4/4) Lair:5        Snake (4/4) Lair:3        Slime (0/6) Lair:7
    Orc (2/2) D:10            Elf (3/3) Orc:2        Vaults (0/5) D:13
 Depths (0/5) D:15

Altars:
Ashenzari
Cheibriados
Dithmenos
Elyvilon
Fedhas
Gozag
Kikubaaqudgha
Makhleb
Nemelex Xobeh
Okawaru
Pakellas
Qazlal
Ru
Sif Muna
Trog
Vehumet
Xom
Yredelemnul
Zin
The Shining One
Beogh
Jiyva

Shops:
D:4 ?   D:5 (   D:6 }   D:13 !   Orc:2 (:[*   Shoals:1 [

Annotations:
D:10 1 runed door


Innate Abilities, Weirdness & Mutations

You reflexively headbutt those who attack you in melee.
You have a pair of horns on your head.


Message History

The deep elf death mage easily resists.
The deep elf high priest resists with almost no effort.
The deep elf mage looks frightened!
The deep elf high priest invokes the aid of its god against you.
Something smites you!
* * * LOW HITPOINT WARNING * * *
The deep elf master archer shoots an arrow.
You block the arrow.
The deep elf mage gestures wildly while chanting.
The deep elf mage blinks!
The deep elf annihilator gestures wildly while chanting.
The deep elf annihilator blinks!
The deep elf master archer shoots an arrow.
The arrow hits you!
* * * LOW HITPOINT WARNING * * *
You hit the deep elf master archer. You burn the deep elf master archer.
The deep elf master archer is almost dead.
The deep elf master archer shoots an arrow.
The arrow hits you!
You die...

,** **,,,,,,....,,,+*,*
*****+** ,*
*,,,,,,,...,,,*,,* *,*
,* *,,,,,,,..Y,***,,*
*,**
*******+*,,,,,2e**,,,,*
***+**
,,,,,,,,******#e###,,,*
**,,,*+ ,,,,,,,,,,*
##...##,,* **,,,,,*
,,,,,,,,,,* ##.).).##,*
*,,,,,,,
,,,,,,,,,,**#.e.ee..#,*
*,,,,,,,
,,,,,,,,,,,*#*..@...#**
*,,,,,,,
,,***,,,,,,,#.......#
**,,..,* ,**
**,,,,,,##.....##
**,..#* **
**,,,,,###...## ***###
* *,,,,,#.##'## ###. **
**,,,,,#.))(.# #... ,**
**,,,,,,#.|)..# #...
,,***,,,,,,,#.|()##
#... ,,,,,,,,,,,##.[}##
#...


You could see a cacodemon, a deep elf master archer, a deep elf annihilator, a
deep elf death mage, a deep elf demonologist, a deep elf high priest, an ice
beast and a lost soul.

Vanquished Creatures
  Vashnia (Snake:3)
  Norris (Elf:2)
  Jorgrun (Shoals:2)
  The ghost of Gargoyl the Tortoise, an adept DsAK of Lugonu (Snake:3)
  A kraken (Shoals:2)
  Roxanne (Shoals:3)
  Kirke (Shoals:2)
  Frances (Snake:1)
  10 greater nagas
  Ilsuiw (Shoals:4)
  2 orc warlords
  A frost giant (D:15)
  The ghost of Kloppie the Impaler, a journeyman MfBe of Trog (Orc:2)
  Maud (D:14)
  Donald (Shoals:3)
  2 deep elf sorcerers
  5 deep elf elementalists (Elf:3)
  Aizul (Snake:1)
  The ghost of Kloppie the Bludgeoner, a journeyman MiBe of Trog (Lair:7)
  Nessos (D:12)
  2 deep elf demonologists
  Azrael (Elf:2)
  A deep elf annihilator (Elf:3)
  Snorg (D:12)
  A deep elf death mage (Elf:3)
  7 merfolk impalers
  Josephine (D:10)
  A minotaur (Lab)
  9 merfolk javelineers
  Fannar (D:12)
  6 deep elf high priests
  The ghost of loom the Basher, a journeyman GrBe of Trog (D:12)
  2 ice dragons (IceCv)
  6 hydras
  5 centaur warriors
  11 naga warriors
  2 catoblepae
  13 anacondas
  2 alligator snapping turtles
  3 satyrs
  Erolcha (Volcano)
  3 merfolk aquamancers
  30 dancing weapons
  19 naga sharpshooters
  4 orc high priests (Orc:2)
  2 tengu warriors
  Urug (D:15)
  5 death yaks (Lair:8)
  9 shock serpents
  8 deep elf knights (Elf:2)
  7 skeletal warriors (D:13)
  A small abomination (Elf:3)
  The ghost of Kisielow the Destroyer, a novice DECj (D:8)
  2 salamander mystics (Snake:1)
  A fire crab (Lair:6)
  3 unseen horrors
  21 sea snakes
  2 wizards
  6 naga ritualists
  4 hill giants
  16 harpies
  7 deep elf archers
  3 orc knights (Orc:2)
  8 mana vipers
  3 orc sorcerers (Orc:2)
  An orb spider (shapeshifter) (D:14)
  43 deep elf magi
  2 wolf spider zombies
  6 ugly things
  14 fauns (Shoals:4)
  5 cyclopes
  7 manticores
  7 griffons
  8 salamanders
  10 sirens
  Maurice (D:13)
  10 elephants
  4 water nymphs
  2 torpor snails
  2 ice statues (IceCv)
  7 guardian serpents
  A centaur zombie (D:15)
  13 spiny frogs
  45 black mambas
  14 naga magi
  2 gargoyles
  8 rime drakes
  A yaktaur (D:15)
  10 komodo dragons
  2 tengu conjurers
  A freezing wraith (D:15)
  A komodo dragon (shapeshifter) (D:15)
  46 merfolk
  3 giant leeches (Lair:8)
  3 polar bears
  9 trolls
  A queen bee (Lair:5)
  3 two-headed ogres
  2 wind drakes
  24 blink frogs
  10 slime creatures
  A boulder beetle (Lair:7)
  5 snapping turtles
  8 wraiths
  3 air elementals
  A centaur simulacrum (D:14)
  3 spriggans (Lair:2)
  5 water elementals
  3 hogs (Shoals:2)
  43 yaks
  15 wyverns
  5 basilisks
  4 shadows
  6 vampire mosquitoes (Lair:8)
  Grum (D:8)
  A steam dragon (Lair:4)
  7 hungry ghosts
  19 hippogriffs
  5 fire elementals
  3 mottled dragons
  3 wargs
  57 nagas
  2 soldier ants
  18 water moccasins
  Duvessa (D:6)
  A giant eyeball (shapeshifter) (Elf:2)
  3 hell hounds
  46 orc warriors
  11 porcupines
  4 black bears
  21 ice beasts
  5 sky beasts
  3 wasps
  A necrophage (D:6)
  4 phantoms
  10 wolves
  3 boggarts (D:14)
  16 crocodiles
  23 ogres
  15 centaurs
  4 big kobolds (D:10)
  A gnoll sergeant (D:10)
  37 giant frogs
  2 earth elementals
  A wyvern zombie (D:7)
  Dowan (D:6)
  A scorpion (D:11)
  A water moccasin zombie (D:8)
  34 killer bees
  6 electric eels
  3 wights (D:12)
  3 howler monkeys
  A lava snake (Lair:7)
  8 crimson imps
  3 quasits
  4 hounds
  A jelly (D:8)
  31 orc wizards
  Crazy Yiuf (D:2)
  4 centaur skeletons
  22 orc priests
  2 giant frog skeletons
  6 iguanas
  12 worker ants
  Terence (D:2)
  A killer bee zombie (D:6)
  13 sheep
  A hound skeleton (D:6)
  A howler monkey zombie (D:9)
  Robin (D:3)
  7 adders
  A gnoll (D:10)
  49 river rats
  4 shadow imps
  12 white imps (D:11)
  An adder skeleton (D:9)
  7 worms
  2 dart slugs (D:1)
  6 giant geckos
  94 orcs
  6 bats
  3 giant cockroaches
  16 goblins
  11 hobgoblins
  12 jackals
  11 kobolds
  A quokka (D:10)
  2 giant gecko skeletons
  7 giant newts
  A jackal zombie (D:5)
  A quokka skeleton (D:5)
  4 rats
  A crawling corpse (Elf:3)
  4 fungi
  11 plants
1472 creatures vanquished.

Vanquished Creatures (others)
  A water elemental (Elf:3)
  2 humans (Shoals:2)
  An orc wizard (Orc:1)
  2 fungi
  7 plants
  9 tentacles (Shoals:2)
  402 tentacle segments (Shoals:2)
424 creatures vanquished.

Grand Total: 1896 creatures vanquished

Notes
Turn   | Place    | Note
--------------------------------------------------------------
     0 | D:1      | Peloso the Minotaur Fighter began the quest for the Orb.
     0 | D:1      | Reached XP level 1. HP: 19/19 MP: 0/0
   216 | D:1      | Reached XP level 2. HP: 27/27 MP: 1/1
   832 | D:1      | Reached XP level 3. HP: 32/33 MP: 2/2
   994 | D:2      | Found a faded altar to an unknown god.
   995 | D:2      | Noticed Terence
  1008 | D:2      | Killed Terence
  1096 | D:2      | Found a white marble altar of Elyvilon.
  1102 | D:2      | Reached XP level 4. HP: 40/41 MP: 3/3
  1373 | D:2      | Noticed Crazy Yiuf
  1378 | D:2      | Paralysed by Crazy Yiuf for 6 turns
  1386 | D:2      | Killed Crazy Yiuf
  1945 | D:3      | Found a sacrificial altar of Ru.
  1946 | D:3      | Noticed Robin
  1946 | D:3      | Found a burning altar of Makhleb.
  1964 | D:3      | Reached skill level 1 in Dodging
  1980 | D:3      | Reached skill level 5 in Armour
  1991 | D:3      | Killed Robin
  1991 | D:3      | Reached XP level 5. HP: 26/47 MP: 4/4
  2011 | D:3      | Found a shimmering altar of Xom.
  2021 | D:3      | Found a shattered altar of Ashenzari.
  2741 | D:4      | Reached skill level 5 in Shields
  2865 | D:4      | Got a spiked chain mail
  2876 | D:4      | Identified the cursed +1 chain mail of Apathy {+Fly rElec Int-4 Dex+6} (You found it on level 4 of the Dungeon)
  2886 | D:4      | Reached skill level 1 in Stealth
  3023 | D:4      | Found Vijaidgh's Magic Scroll Emporium.
  3031 | D:4      | Bought a scroll of identify for 20 gold pieces
  3369 | D:5      | Entered Level 5 of the Dungeon
  3374 | D:5      | Reached XP level 6. HP: 53/53 MP: 5/5
  3386 | D:5      | Reached skill level 3 in Long Blades
  3431 | D:5      | Found Bugoivvu's Antique Weapon Emporium.
  3499 | D:5      | Found a bloodstained altar of Trog.
  3737 | D:5      | Found a staircase to the Ecumenical Temple.
  3746 | Temple   | Entered the Ecumenical Temple
  4050 | D:5      | Reached XP level 7. HP: 41/60 MP: 3/6
  4240 | D:5      | Reached skill level 5 in Fighting
  4301 | D:5      | Found a glowing golden altar of the Shining One.
  4336 | D:5      | Found an opulent altar of Gozag.
  4476 | D:6      | Reached skill level 4 in Long Blades
  4512 | D:6      | Found an opulent altar of Gozag.
  4736 | D:6      | Reached XP level 8. HP: 45/69 MP: 7/7
  4740 | D:6      | Reached skill level 5 in Long Blades
  5249 | D:5      | Bought a scorched great sword for 287 gold pieces
  5255 | D:5      | Identified the +6 great sword of Ash {antimagic, +Inv Dex+7} (You bought it in a shop on level 5 of the Dungeon)
  5362 | D:6      | Found an oddly glowing altar of Pakellas.
  5362 | D:6      | Found Pakellas's Prime Provisions.
  5398 | D:6      | Reached skill level 6 in Long Blades
  5465 | D:6      | Found a burning altar of Makhleb.
  5566 | D:6      | Noticed Dowan
  5567 | D:6      | Noticed Duvessa
  5573 | D:6      | Killed Duvessa
  5573 | D:6      | Reached XP level 9. HP: 69/78 MP: 2/8
  5576 | D:6      | Killed Dowan
  6050 | D:7      | Found a sparkling altar of Nemelex Xobeh.
  6146 | D:7      | Reached skill level 7 in Long Blades
  6378 | D:8      | Got a crude spear
  6409 | D:8      | Got a crystal glaive
  6605 | D:8      | Noticed Kisielow's ghost (novice DECj)
  6605 | D:8      | Reached skill level 8 in Long Blades
  6617 | D:8      | Killed Kisielow's ghost
  6648 | D:8      | Reached XP level 10. HP: 61/90 MP: 3/9
  6941 | D:8      | Noticed Grum
  6950 | D:8      | Killed Grum
  6953 | D:8      | Reached skill level 5 in Dodging
  6955 | D:8      | Reached skill level 10 in Armour
  6971 | D:8      | Reached skill level 9 in Long Blades
  7356 | D:5      | Bought a glowing falchion for 75 gold pieces
  7357 | D:5      | Identified the +5 spear of Cheese {pierce, rF++ rC- SInv} (You found it on level 8 of the Dungeon)
  7358 | D:5      | Identified the +1 glaive "Engoryca" {venom, rC+ SInv} (You found it on level 8 of the Dungeon)
  7791 | D:9      | Found an iron altar of Okawaru.
  7799 | D:9      | Became a worshipper of Warmaster Okawaru
  7887 | D:9      | You fall through a shaft!
  7887 | D:10     | Entered Level 10 of the Dungeon
  7939 | D:9      | Found a staircase to the Lair.
  7958 | D:9      | Found a snail-covered altar of Cheibriados.
  7983 | D:9      | Reached * piety under Okawaru
  7984 | D:9      | Reached skill level 10 in Long Blades
  8124 | D:9      | Found a stormy altar of Qazlal.
  8336 | D:9      | Reached ** piety under Okawaru
  8347 | Lair:1   | Entered Level 1 of the Lair of Beasts
  8414 | Lair:1   | Reached skill level 10 in Fighting
  8564 | Lair:1   | Noticed an elephant
  8564 | Lair:1   | Noticed an elephant
  8564 | Lair:1   | Noticed an elephant
  8564 | Lair:1   | Noticed an elephant
  8568 | Lair:1   | Killed an elephant
  8568 | Lair:1   | Reached XP level 11. HP: 87/99 MP: 3/10
  8576 | Lair:1   | Reached skill level 11 in Long Blades
  8577 | Lair:1   | Reached *** piety under Okawaru
  8762 | Lair:1   | Reached **** piety under Okawaru
  9069 | Lair:1   | Found a deep blue altar of Sif Muna.
  9784 | Lair:2   | Reached skill level 12 in Long Blades
 10421 | Lair:2   | Reached ***** piety under Okawaru
 10956 | Lair:1   | Identified a scroll of acquirement
 11050 | D:10     | Killed an unseen horror
 11112 | D:10     | Found a staircase to the Orcish Mines.
 11147 | D:10     | Reached XP level 12. HP: 94/112 MP: 2/11
 11214 | D:10     | Received a gift from Okawaru
 11225 | D:10     | Got a dazzling double sword {god gift}
 11226 | D:10     | Identified the +9 double sword "Leviticus" {flame, rN+} (Okawaru gifted it to you on level 10 of the Dungeon)
 11430 | D:10     | Found a white marble altar of Elyvilon.
 11431 | D:10     | Found a runed door.
 11431 | D:10     | Noticed an angel
 11457 | D:10     | Noticed a catoblepas
 11472 | D:10     | Killed a catoblepas
 11472 | D:10     | Reached skill level 13 in Long Blades
 12414 | D:11     | Received a gift from Okawaru
 12533 | D:11     | Noticed a six-headed hydra
 12538 | D:11     | Killed a four-headed hydra
 12555 | D:11     | Found a frozen archway.
 12588 | IceCv    | Entered an ice cave
 12744 | IceCv    | Reached skill level 14 in Long Blades
 12870 | IceCv    | Noticed an ice dragon
 12870 | IceCv    | Noticed an ice dragon
 12881 | IceCv    | Killed an ice dragon
 12886 | IceCv    | Killed an ice dragon
 12886 | IceCv    | Reached ****** piety under Okawaru
 12969 | IceCv    | Received a gift from Okawaru
 12975 | IceCv    | Got a faintly glowing robe {god gift}
 13609 | D:12     | Noticed loom's ghost (journeyman GrBe)
 13616 | D:12     | Killed loom's ghost
 13616 | D:12     | Reached XP level 13. HP: 43/122 MP: 4/12
 13926 | D:12     | Noticed Snorg
 13939 | D:12     | Killed Snorg
 13945 | D:12     | Found a blossoming altar of Fedhas.
 14109 | D:12     | Noticed Fannar
 14112 | D:12     | Reached skill level 15 in Long Blades
 14121 | D:12     | Killed Fannar
 14309 | D:12     | Noticed Nessos
 14324 | D:12     | Killed Nessos
 14831 | D:13     | Received a gift from Okawaru
 14843 | D:13     | Found Iphutt's Distillery.
 14849 | D:13     | Got a bone double sword {god gift}
 14850 | D:13     | Identified the +2 double sword "Liothrap" {distort, *Rage rF+ rN+++ Str+2} (Okawaru gifted it to you on level 13 of the Dungeon)
 14869 | D:13     | Lost intelligence.
 14869 | D:13     | Gained mutation: You are dopey. (Int -2) [mutagenic glow]
 15240 | D:13     | Reached skill level 16 in Long Blades
 15290 | D:13     | Found a gate to the Vaults.
 15809 | D:13     | Received a gift from Okawaru
 15818 | D:13     | Got a warped triple sword {god gift}
 16022 | D:13     | Identified the +4 triple sword of Poverty {holy, Dex+2} (Okawaru gifted it to you on level 13 of the Dungeon)
 16040 | D:13     | Noticed Maurice
 16069 | D:13     | Killed Maurice
 16343 | Lair:1   | Lost mutation: You are dopey. (Int -2) [potion of cure mutation]
 16522 | D:14     | Reached XP level 14. HP: 110/133 MP: 4/13
 16560 | D:14     | Found a labyrinth entrance.
 16565 | Lab      | Entered a labyrinth
 16651 | Lab      | Reached skill level 17 in Long Blades
 16996 | Lab      | Got a smoking lapis lazuli ring
 17009 | Lab      | Identified the ring "Kaytsaf" {*Corrode rPois rN+ Dex+4 SInv} (You took it off a minotaur in a labyrinth)
 17310 | D:14     | Found a shimmering altar of Xom.
 17365 | D:14     | Noticed Maud
 17377 | D:14     | Killed Maud
 17377 | D:14     | Received a gift from Okawaru
 17970 | D:15     | Entered Level 15 of the Dungeon
 17998 | D:15     | Reached skill level 15 in Fighting
 18524 | D:15     | Noticed Urug
 18535 | D:15     | Killed Urug
 18808 | D:15     | Found a staircase to the Depths.
 18808 | D:15     | Noticed a frost giant
 18814 | D:15     | Killed a frost giant
 19222 | D:15     | Reached skill level 18 in Long Blades
 19271 | D:15     | Received a gift from Okawaru
 19775 | Lair:3   | Found an opulent altar of Gozag.
 19937 | Lair:3   | Found a staircase to the Snake Pit.
 19984 | Lair:3   | Found a dark tunnel.
 19993 | Volcano  | Entered a volcano
 20232 | Volcano  | Noticed Erolcha
 20242 | Volcano  | Killed Erolcha
 20291 | Lair:3   | Received a gift from Okawaru
 20291 | Lair:3   | Reached XP level 15. HP: 144/144 MP: 4/14
 20301 | Lair:3   | Got a fine scimitar {god gift}
 20302 | Lair:3   | Identified the +9 scimitar "Goblinbane" {slice, +Inv Str+3 SInv} (Okawaru gifted it to you on level 3 of the Lair of Beasts)
 21736 | Lair:5   | Found a staircase to the Shoals.
 21759 | Lair:5   | Received a gift from Okawaru
 22039 | Lair:6   | Reached skill level 15 in Armour
 22196 | Lair:6   | Reached skill level 19 in Long Blades
 22940 | Lair:7   | Noticed Kloppie's ghost (journeyman MiBe)
 22951 | Lair:7   | Killed Kloppie's ghost
 23263 | Lair:7   | Found a viscous altar of Jiyva.
 23263 | Lair:7   | Found a staircase to the Slime Pits.
 24019 | Lair:8   | Entered Level 8 of the Lair of Beasts
 24063 | Lair:8   | Received a gift from Okawaru
 25422 | Orc:1    | Entered Level 1 of the Orcish Mines
 25439 | Orc:1    | Noticed Josephine
 25452 | Orc:1    | Reached skill level 20 in Long Blades
 25474 | D:10     | Killed Josephine
 25474 | D:10     | Received a gift from Okawaru
 25789 | Orc:1    | Noticed an orc warlord
 25820 | D:10     | Killed an orc warlord
 26469 | Orc:2    | Entered Level 2 of the Orcish Mines
 26560 | Orc:2    | Found a roughly hewn altar of Beogh.
 26771 | Orc:2    | Noticed Kloppie's ghost (journeyman MfBe)
 26780 | Orc:2    | Reached XP level 16. HP: 34/155 MP: 5/15
 27544 | Orc:2    | Killed Kloppie's ghost
 28108 | Orc:2    | Received a gift from Okawaru
 28544 | Orc:2    | Found Juzung's Antique Armour Emporium.
 28545 | Orc:2    | Found Ikalig's Antique Weapon Shoppe.
 28555 | Orc:2    | Found Geruuvoth's General Store.
 28555 | Orc:2    | Found Hezifo's Book Emporium.
 28659 | Orc:2    | Found a staircase to the Elven Halls.
 28854 | Orc:1    | Reached skill level 10 in Dodging
 29181 | Snake:1  | Entered Level 1 of the Snake Pit
 29927 | Snake:1  | Noticed Frances
 29948 | Snake:1  | Killed Frances
 30373 | Snake:1  | Received a gift from Okawaru
 30751 | Snake:1  | Reached skill level 21 in Long Blades
 30785 | Snake:1  | Noticed Aizul
 30793 | Snake:1  | Killed Aizul
 31629 | Shoals:1 | Entered Level 1 of the Shoals
 31637 | Shoals:1 | Received a gift from Okawaru
 31757 | Shoals:1 | Found Wiaf's Antique Armour Shoppe.
 32507 | Shoals:2 | Noticed Kirke
 32514 | Shoals:2 | Killed Kirke
 33046 | Shoals:2 | Noticed Jorgrun
 33066 | Shoals:2 | Killed Jorgrun
 33066 | Shoals:2 | Received a gift from Okawaru
 33115 | Shoals:2 | Noticed a kraken
 33461 | Shoals:2 | Reached XP level 17. HP: 119/166 MP: 5/16
 33673 | Shoals:2 | Killed a kraken
 34060 | Shoals:3 | Noticed Roxanne
 34077 | Shoals:3 | Killed Roxanne
 34770 | Shoals:3 | Noticed Donald
 35140 | Shoals:3 | Killed Donald
 35417 | Shoals:3 | Reached skill level 22 in Long Blades
 35747 | Shoals:4 | Entered Level 4 of the Shoals
 36044 | Shoals:4 | Received a gift from Okawaru
 37445 | Shoals:4 | Noticed Ilsuiw
 37470 | Shoals:4 | HP: 8/168 [poisoned by a merfolk]
 38078 | Shoals:3 | Lost intelligence.
 38364 | Shoals:4 | Killed Ilsuiw
 38839 | Shoals:4 | Reached skill level 10 in Shields
 38853 | Shoals:4 | Received a gift from Okawaru
 39547 | Shoals:4 | Got a barnacled rune of Zot
 39620 | Shoals:3 | Reached XP level 18. HP: 83/176 MP: 17/17
 41739 | Snake:3  | Noticed Gargoyl's ghost (adept DsAK)
 41760 | Snake:3  | Killed Gargoyl's ghost
 41760 | Snake:3  | Received a gift from Okawaru
 41788 | Snake:3  | Noticed Vashnia
 41797 | Snake:3  | Killed Vashnia
 41797 | Snake:3  | Reached skill level 23 in Long Blades
 42385 | Snake:3  | Reached skill level 1 in Invocations
 42867 | Snake:4  | Entered Level 4 of the Snake Pit
 42993 | Snake:4  | Received a gift from Okawaru
 44660 | Snake:4  | Received a gift from Okawaru
 44670 | Snake:4  | Got a bloodstained great sword {god gift}
 44770 | Snake:4  | Reached XP level 19. HP: 125/185 MP: 20/20
 45161 | Snake:4  | Identified the +0 great sword "Husool" {flame, MR+} (Okawaru gifted it to you on level 4 of the Snake Pit)
 45312 | Snake:4  | Got a serpentine rune of Zot
 45497 | Snake:4  | Received a gift from Okawaru
 45513 | Snake:4  | Got a faintly humming plate armour {god gift}
 45593 | Snake:4  | Identified the +0 plate armour of the Barracuda {MR+ Str+4} (Okawaru gifted it to you on level 4 of the Snake Pit)
 46076 | Elf:1    | Entered Level 1 of the Elven Halls
 47238 | Elf:1    | Reached skill level 5 in Invocations
 47552 | Elf:1    | Got a twisted long sword
 47562 | Elf:1    | Identified the cursed +1 long sword "Spider's Nightmare" {slice, rN+} (You found it on level 1 of the Elven Halls)
 47745 | Elf:1    | Reached skill level 1 in Throwing
 47745 | Elf:1    | Reached skill level 1 in Unarmed Combat
 47745 | Elf:1    | Reached skill level 1 in Evocations
 47745 | Elf:1    | Reached XP level 20. HP: 193/193 MP: 21/23
 47870 | Elf:2    | Noticed Norris
 47879 | Elf:2    | Killed Norris
 48136 | Elf:2    | Noticed Azrael
 48162 | Elf:2    | Killed Azrael
 48405 | Elf:2    | Found a runed gate.
 48405 | Elf:2    | Found a runed gate.
 48405 | Elf:2    | Found a runed gate.
 48456 | Elf:2    | Reached skill level 24 in Long Blades
 48758 | Elf:2    | Received a gift from Okawaru
 49461 | Elf:3    | Entered Level 3 of the Elven Halls
 50089 | Elf:3    | Got a translucent tin ring
 50095 | Elf:3    | Identified the ring "Impemig" {rC+ EV+1 Int-4 Dex+4 Stlth+} (You found it on level 3 of the Elven Halls)
 50104 | Elf:3    | Got a coiled marble ring
 50106 | Elf:3    | Identified the ring "Qafi" {*Drain +Fly rElec rF+ rC+++} (You found it on level 3 of the Elven Halls)
 50216 | Elf:3    | Reached XP level 21. HP: 168/202 MP: 25/25
 50428 | Elf:3    | Shot with an arrow by a deep elf master archer

Skill      XL: |  1  2  3  4  5  6  7  8  9 10 11 12 13 14 15 16 17 18 19 20 21 |
---------------+----------------------------------------------------------------+-----
Armour         | 4 5 6 7 8 9 10 12 13 14 15 16 17 | 17.7
Fighting       | 4 5 6 8 10 11 13 14 16 17 18 19 20 | 20.5
Shields        | 4 5 6 7 8 10 12 13 | 13.5
Dodging        | 1 2 3 4 5 6 7 8 9 10 11 12 13 | 13.1
Stealth        | 1 2 3 |  3.8
Long Blades    | 3 4 6 8 10 12 14 16 18 20 21 22 23 24 | 24.3
Invocations    | 3 5 6 7 |  7.0
Throwing       | 1 |  1.0
Unarmed Combat | 1 |  1.0
Evocations     | 1 |  1.0
Spellcasting   | |  0.5

Action                   |  1- 3 |  4- 6 |  7- 9 | 10-12 | 13-15 | 16-18 | 19-21 || total
-------------------------+-------+-------+-------+-------+-------+-------+-------++-------
Melee: Long sword        |    76 |   178 |   100 |       |       |       |       ||   354
       Headbutt          |    12 |    37 |    52 |   140 |   357 |   427 |   120 ||  1145
       Great sword       |       |       |    97 |   437 |  1056 |   605 |       ||  2195
       Double sword      |       |       |       |    28 |    26 |   711 |   468 ||  1233
       Scimitar          |       |       |       |       |       |     5 |       ||     5
Invok: Heroism           |       |       |       |     1 |       |     7 |     5 ||    13
Evoke: Wand              |       |       |       |       |     1 |    10 |     1 ||    12
  Use: Scroll            |       |     2 |       |    27 |    10 |    10 |     7 ||    56
       Potion            |       |       |       |       |     4 |     4 |     2 ||    10
  Eat: Chunk             |     1 |     9 |     7 |    15 |    40 |    40 |    14 ||   126
       Royal jelly       |       |       |     1 |       |       |       |       ||     1
       Pizza             |       |       |     1 |       |       |     1 |     2 ||     4
       Beef jerky        |       |       |       |     3 |     2 |    11 |     1 ||    17
       Fruit             |       |       |       |     3 |     3 |       |       ||     6
Armor: Scale mail        |    32 |    95 |       |       |       |       |       ||   127
       Chain mail        |       |    21 |    95 |   230 |   478 |   466 |    14 ||  1304
       Plate armour      |       |       |       |       |       |       |   168 ||   168
Dodge: Dodged            |    25 |    92 |    77 |   317 |   965 |   994 |   167 ||  2637
Block: Shield            |    42 |   113 |    56 |       |       |   439 |   300 ||   950
       Buckler           |       |       |       |       |       |   113 |       ||   113
